 Dungeon Crawl Stone Soup version 0.31-a0-255-g9c3d1c461a (webtiles) character file.

Game seed: 17786928782967135931

68 qw the Shooter (level 4, -8/27 HPs)
             Began as a Gargoyle Hexslinger on July 12, 2023.
             Mangled by a gnoll
             ... wielding a +0 halberd
              (13 damage)
             ... on level 2 of the Dungeon.
             The game lasted 00:00:29 (1240 turns).

qw the Shooter (Gargoyle Hexslinger)                Turns: 1240, Time: 00:00:30

Health: -8/27      AC:  5    Str: 11    XL:     4   Next: 19%
Magic:  5/5        EV: 12    Int: 14    God:
Gold:   97         SH:  0    Dex: 14    Spells: 4/5 levels left

rFire   . . .        Y - +1 sling
rCold   . . .        (no shield)
rNeg    + . .        c - +0 robe
rPois   inf          (no helmet)
rElec   +            (no cloak)
rCorr   .            (no gloves)
SInv    .            (no boots)
Will    .....        (no amulet)
Stlth   +            (no ring)
HPRegen 0.24/turn    (no ring)
MPRegen 0.09/turn

%: no passive effects
@: about to teleport
A: sickness immunity, AC +3, negative energy resistance 1, electricity
resistance, torment resistance 1, petrification resistance
a: no special abilities


You were on level 2 of the Dungeon.
You visited 1 branch of the dungeon, and saw 2 of its levels.

You collected 97 gold pieces.


Innate Abilities, Weirdness & Mutations

You are immune to sickness and miasma.
Your stone body is resilient. (AC +3)
You are immune to poison.
You resist negative energy. (rN+)
You are resistant to electric shocks. (rElec)
You are resistant to unholy torment.
You are immune to petrification.


   Skills:
 - Level 2.3 Fighting
 + Level 3.8 Ranged Weapons
 - Level 1.5 Dodging
 - Level 1.0 Spellcasting
 - Level 2.6 Hexes


You had 4 spell levels left.
You knew the following spells:

 Your Spells              Type           Power      Damage    Failure   Level
a - Slow                  Hex            32%        N/A       9%          1

Your spell library contained the following spells:

 Spells                   Type           Power      Damage    Failure   Level
 Inner Flame              Hex/Fire       4%         N/A       41%         3
 Portal Projectile        Hex/Tloc       8%         N/A       41%         3
 Cause Fear               Hex            4%         N/A       65%         4

Inventory:

Hand Weapons
 Y - a +1 sling (weapon)
Armour
 c - a +0 robe (worn)
 g - a +0 ring mail
Scrolls
 a - a scroll of identify
 i - a scroll of brand weapon {unknown}
Potions
 b - a potion of might {unknown}
 d - 3 potions of curing
 e - a potion of resistance {unknown}
 f - a potion of degeneration {unknown}
 k - a potion of enlightenment {unknown}

Dungeon Overview and Level Annotations

Branches:
Dungeon (2/15)

Altars:
Ru

Shops:
D:2 (


Message History

A gnoll comes into view. It is wielding a +0 club.
You see here 11 gold pieces.
Enter note:
Enter note:
Enter note:
Enter note:
Enter note:
Enter note: You shoot a sling bullet.
The sling bullet hits the gnoll.
The gnoll shouts!
The gnoll is moderately wounded.
You hear a shout!
You now have 97 gold pieces (gained 11).
A gnoll comes into view. It is wielding a +0 halberd.
You shoot a sling bullet.
The sling bullet hits the gnoll but does no damage.
The gnoll is moderately wounded.
You shoot a sling bullet.
The sling bullet hits the gnoll but does no damage.
The gnoll is moderately wounded.
An endoplasm comes into view.
You shoot a sling bullet. The sling bullet hits the gnoll.
The gnoll is severely wounded.
You shoot a sling bullet.
The sling bullet barely misses the gnoll.
The gnoll hits you with a +0 club.
You shoot a sling bullet.
The sling bullet closely misses the gnoll.
The gnoll hits you with a +0 club. The gnoll completely misses you.
You shoot a sling bullet.
The sling bullet barely misses the gnoll.
The gnoll hits you from afar with a +0 halberd!
The gnoll hits you with a +0 club. The gnoll misses you.
The gnoll hits you from afar with a +0 halberd.
1240 ||| READING scroll of teleportation.
As you read the scroll of teleportation, it crumbles to dust.
You feel strangely unstable. The gnoll hits you but does no damage.
The gnoll hits you from afar with a +0 halberd!
You die...

#..# ##..P.# ....
#.## ###### ....
#.# ..>.. #.# ##
.....#######.# ...
......#......##
...
.....gJ...)..(##
..
.......g.......#%#
.......@.........#
#...#..........###
# #.......?....#
#..........#...#
##........####...
#.........[# ##
#..........#
#..........#


You could see 2 gnolls and an endoplasm.

Vanquished Creatures
  2 adders (D:2)
  A gnoll (D:2)
  2 dart slugs
  2 endoplasms
  4 giant cockroaches
  4 goblins
  3 hobgoblins
  6 kobolds
  A quokka (D:1)
  3 ball pythons
  3 bats
  3 frilled lizards
  A rat (D:1)
35 creatures vanquished.

Notes
Turn   | Place    | Note
-------+----------+-------------------------------------------
     0 | D:1      | qw the Gargoyle Hexslinger began the quest for the Orb.
     0 | D:1      | Reached XP level 1. HP: 12/12 MP: 2/2
     0 | D:1      | 0 ||| qw: Version: 0.3-a-52-g30416fa
     0 | D:1      | 0 ||| qw: Game counter: 6662
     0 | D:1      | 0 ||| qw: Melee chars always use a shield: true
     0 | D:1      | 0 ||| qw: God list: Okawaru
     0 | D:1      | 0 ||| qw: Allow faded altars: false
     0 | D:1      | 0 ||| qw: Do Orc after clearing Dungeon:15 true
     0 | D:1      | 0 ||| qw: Do second Lair branch before Depths: true
     0 | D:1      | 0 ||| qw: Lair rune preference: random
     0 | D:1      | 0 ||| qw: Goals: Normal
     0 | D:1      | 0 ||| PLANNING D:1-11
   558 | D:1      | Reached XP level 2. HP: 16/16 MP: 3/3
   652 | D:1      | Reached skill level 3 in Ranged Weapons
   923 | D:1      | 923 ||| READING 2 scrolls labelled WITHRA XATUI.
   924 | D:1      | 924 ||| READING 2 scrolls labelled CES DOIMOHIE.
   929 | D:1      | 929 ||| READING scroll labelled SAEGUI KUATY.
   930 | D:1      | 930 ||| READING scroll labelled LYRGHUX GIREGG.
   931 | D:1      | 931 ||| READING scroll labelled NYILIU AREPTI.
   932 | D:1      | 932 ||| DRINKING 3 metallic puce potions.
   933 | D:1      | 933 ||| DRINKING 2 purple potions.
   934 | D:1      | 934 ||| DROPPING scroll of poison.
   935 | D:1      | 935 ||| DROPPING potion of attraction.
   959 | D:2      | Reached XP level 3. HP: 21/21 MP: 4/4
  1008 | D:2      | Found a sacrificial altar of Ru.
  1091 | D:2      | Found Suysol's Weapon Shop.
  1099 | D:2      | 1099 ||| SHOPLISTING +1 orcbow of draining (159 gold, have
                  | 74).
  1219 | D:2      | Reached XP level 4. HP: 27/27 MP: 5/5
  1239 | D:2      | HP: 5/27 [gnoll/+0 halberd (6)]
  1240 | D:2      | 1240 ||| READING scroll of teleportation.
  1240 | D:2      | Mangled by a gnoll

Levels and vault maps discovered:
D:1:      dpeg_arrival_tiny_d, layout_basic, minmay_tripent
D:2:      layout_rooms, basic_altar, serial_shops, nicolae_square_shop,
          uniq_crazy_yiuf_cottage

Skill      XL: |  1  2  3 |
---------------+----------+-----
Ranged Weapons | 3 |  3.8
Fighting       | 2 |  2.3
Dodging        | |  1.5
Spellcasting   | |  1.0
Hexes          | |  2.6

Action                     |  1- 3 |  4- 6 || total
---------------------------+-------+-------++-------
   Fire: Sling             |   110 |    10 ||   120
    Use: Scroll            |     5 |     1 ||     6
         Potion            |     2 |       ||     2
 Armour: Robe              |    25 |     1 ||    26
  Dodge: Dodged            |    34 |     2 ||    36

Table legend:
 A = Non-vault XP
 B = Vault XP
 C = Vault XP percentage of total XP
 D = Non-vault monster count
 E = Vault monster count
 F = Vault count percentage of total count
                 A         B        C        D         E       F
            +---------+---------+-------+---------+---------+-------
      Total |      95 |       3 |   3.1 |      33 |       2 |   5.7
            +---------+---------+-------+---------+---------+-------
        D:1 |      30 |       3 |   9.1 |      17 |       2 |  10.5
        D:2 |      65 |       0 |   0.0 |      16 |       0 |   0.0
            +---------+---------+-------+---------+---------+-------
